 Dungeon Crawl Stone Soup version 0.20.1-1-g8b1a95d (webtiles) character file.

2104 Andry07 the Fighter (level 9, 0/62 HPs)
             Began as a Gargoyle Fighter on Oct 5, 2017.
             Was an Initiate of Okawaru.
             Slain by a hound (3 damage)
             ... on level 7 of the Dungeon.
             The game lasted 00:15:20 (6082 turns).

Andry07 the Fighter (Gargoyle Fighter)              Turns: 6082, Time: 00:15:21

Health: 0/62       AC: 16    Str: 22    XL:     9   Next: 28%
Magic:  9/9        EV:  7    Int: 10    God:    Okawaru [......]
Gold:   211        SH:  9    Dex:  9    Spells: 8/8 levels left

rFire    . . .     SeeInvis .   a - +0 flail
rCold    . . .     Gourm    .   c - +0 shield
rNeg     + + .     Faith    +   b - +0 scale mail
rPois    ∞         Spirit   .   (no helmet)
rElec    +         Reflect  .   (no cloak)
rCorr    .         Harm     .   (no gloves)
MR       .....                  l - +1 pair of boots
Stlth    +.........             v - amulet of faith
Regen    0.2/turn               J - ring of stealth
MPRegen  0.2/turn               q - ring of positive energy

@: no status effects
A: negative energy resistance 1, electricity resistance, unbreathing,
petrification resistance, rot immunity, AC +5
a: Renounce Religion


You were on level 7 of the Dungeon.
You worshipped Okawaru.
Okawaru was noncommittal.
You were not hungry.

You visited 2 branches of the dungeon, and saw 8 of its levels.

You collected 391 gold pieces.
You spent 180 gold pieces at shops.

Inventory:

Hand Weapons
 a - a +0 flail (weapon)
Missiles
 y - 4 tomahawks (quivered)
Armour
 b - a +0 scale mail (worn)
 c - a +0 shield (worn)
 l - a +1 pair of boots (worn)
Jewellery
 q - a ring of positive energy (right hand)
 v - an amulet of faith (around neck)
 J - a ring of stealth (left hand)
Wands
 w - a wand of lightning (4/15)
 E - a wand of polymorph (12/24)
Scrolls
 e - 5 scrolls of teleportation
 h - a scroll of fog
 i - 5 scrolls of fear
 k - a scroll of random uselessness {unknown}
 o - 6 scrolls of recharging
 r - 3 scrolls of remove curse
 s - 5 scrolls of identify
 A - a scroll of immolation {unknown}
 B - a scroll of amnesia {unknown}
 C - a scroll of enchant armour
 D - a scroll of acquirement {unknown}
Potions
 d - a potion of invisibility {unknown}
 g - 3 potions of curing
 j - 2 potions of mutation {unknown}
 m - a potion of flight {unknown}
 n - a potion of resistance {unknown}
 t - a potion of heal wounds
 x - a potion of cancellation {unknown}
 z - 2 potions of lignification {unknown}
 F - a potion of berserk rage {unknown}
 G - a potion of haste {unknown}
Comestibles
 f - 3 bread rations
 p - 6 meat rations
 I - 2 royal jellies


   Skills:
 - Level 10.1 Fighting
 - Level 2.0 Maces & Flails
 + Level 9.4 Armour
 - Level 3.2 Shields


You had 8 spell levels left.
You didn't know any spells.

Dungeon Overview and Level Annotations

Branches:
Dungeon (7/15)             Temple (1/1) D:4

Altars:
Ashenzari
Cheibriados
Dithmenos
Elyvilon
Fedhas
Gozag
Hepliaklqana
Kikubaaqudgha
Makhleb
Nemelex Xobeh
Okawaru
Qazlal
Ru
Sif Muna
Trog
Vehumet
Xom
Yredelemnul
Zin
The Shining One

Shops:
D:4 %


Innate Abilities, Weirdness & Mutations

You are resistant to torment.
Your stone body is resilient. (AC +5)
You are immune to poison.
You resist negative energy. (rN+)
You are resistant to electric shocks. (rElec)
You can survive without breathing.
You are immune to petrification.
You are immune to rotting.


Message History

Okawaru accepts your kill. You block the hound's attack.
The hound bites you but does no damage.
Your shield prevents you from hitting the hound.
The hound bites you but does no damage. The hound bites you.
* * * LOW HITPOINT WARNING * * *
You sock the hound!
The hound is heavily wounded.
The hound bites you but does no damage. x2
You completely miss the hound.
The hound is heavily wounded.
The hound barely misses you.
The hound stops to sniff the ground.
You block the hound's attack.
You closely miss the hound.
The hound is heavily wounded.
The hound bites you but does no damage. The hound barely misses you.
You miss the hound.
The hound is heavily wounded.
You block the hound's attack. The hound bites you.
You die...

##..............
##...........[...#
#.................
##.................
##(.................
##...###.............
##..>#######..........
##...##
#...$..........
##...##
##...@)........
##...## #...h÷...?....
##...## ##............
#...## #.......?....
...## ##...........
...# #........... ..##
##............ .##
#............ ##
......


You could see a hound.

Vanquished Creatures
  Duvessa (D:6)
  An ice beast (D:5)
  A sky beast (D:7)
  2 phantoms (D:6)
  3 ogres
  2 centaurs (D:5)
  2 bullfrogs
  Dowan (D:6)
  3 scorpions
  A water moccasin skeleton (D:5)
  4 crimson imps
  A centaur zombie (D:7)
  A bullfrog skeleton (D:6)
  A jelly (D:5)
  4 orc priests
  A centaur skeleton (D:6)
  2 hounds
  4 orc wizards
  An iguana (D:7)
  2 worker ants (D:4)
  A killer bee zombie (D:7)
  6 gnolls
  3 adders
  3 oozes
  An adder zombie (D:5)
  A worm (D:2)
  2 dart slugs
  3 leopard geckos
  16 orcs
  10 bats
  A giant cockroach (D:2)
  10 goblins
  11 hobgoblins
  9 jackals
  8 kobolds
  2 quokkas (D:6)
  A ball python (D:4)
  5 frilled lizards
  8 rats
139 creatures vanquished.

Notes
Turn   | Place    | Note
-------+----------+-------------------------------------------
     0 | D:1      | Andry07 the Gargoyle Fighter began the quest for the Orb.
     0 | D:1      | Reached XP level 1. HP: 14/14 MP: 1/1
    95 | D:1      | Reached XP level 2. HP: 17/20 MP: 2/2
   181 | D:1      | Reached skill level 4 in Fighting
   286 | D:1      | Reached XP level 3. HP: 22/24 MP: 3/3
   790 | D:2      | Reached skill level 5 in Fighting
   828 | D:2      | Reached XP level 4. HP: 22/31 MP: 4/4
  1305 | D:3      | HP: 1/32 [orc priest/flail (5)]
  1309 | D:3      | Reached skill level 6 in Fighting
  1309 | D:3      | Reached XP level 5. HP: 2/36 MP: 5/5
  1608 | D:3      | Found a burning altar of Makhleb.
  1608 | D:3      | Noticed an Executioner
  1974 | D:3      | Noticed an orc warrior
  2776 | D:4      | Found Buoprose's Food Shoppe.
  2789 | D:4      | Bought a meat ration for 60 gold pieces
  2789 | D:4      | Bought a meat ration for 60 gold pieces
  2789 | D:4      | Bought a meat ration for 60 gold pieces
  2904 | D:4      | Reached skill level 7 in Fighting
  2904 | D:4      | Reached XP level 6. HP: 32/44 MP: 6/6
  2936 | D:4      | Found an ancient bone altar of Kikubaaqudgha.
  3135 | D:4      | Found a staircase to the Ecumenical Temple.
  3157 | Temple   | Entered the Ecumenical Temple
  3619 | D:5      | Entered Level 5 of the Dungeon
  3762 | D:5      | Noticed an ice beast
  3777 | D:5      | Killed an ice beast
  3777 | D:5      | Reached skill level 8 in Fighting
  3786 | D:5      | Reached XP level 7. HP: 45/50 MP: 7/7
  3880 | D:5      | Reached skill level 9 in Fighting
  4247 | D:5      | Reached skill level 10 in Fighting
  4322 | D:5      | Reached XP level 8. HP: 52/57 MP: 8/8
  4534 | D:6      | Reached skill level 5 in Armour
  4762 | D:7      | Noticed Dowan
  5204 | D:6      | Found a sparkling altar of Nemelex Xobeh.
  5246 | D:6      | Found a glowing golden altar of the Shining One.
  5566 | D:7      | Found a sparkling altar of Nemelex Xobeh.
  5653 | D:7      | Found a glowing silver altar of Zin.
  5653 | D:7      | Found an iron altar of Okawaru.
  5660 | D:7      | Reached XP level 9. HP: 50/62 MP: 9/9
  5774 | D:7      | Became a worshipper of Warmaster Okawaru
  5816 | D:7      | Noticed Duvessa
  5840 | D:6      | Killed Duvessa
  5886 | D:6      | Killed Dowan
  6078 | D:7      | HP: 2/62 [hound (3)]
  6082 | D:7      | Slain by a hound

Skill      XL: |  1  2  3  4  5  6  7  8  9 |
---------------+----------------------------+-----
Fighting       | 4 5 6 7 8 10 | 10.1
Armour         | 8 9 |  9.4
Maces & Flails | |  2.0
Shields        | |  3.2

Action                   |  1- 3 |  4- 6 |  7- 9 || total
-------------------------+-------+-------+-------++-------
Melee: Flail             |   124 |   265 |   379 ||   768
  Use: Scroll            |       |     7 |       ||     7
       Potion            |       |       |     4 ||     4
  Eat: Chunk             |       |     3 |     6 ||     9
       Bread ration      |       |     1 |       ||     1
       Meat ration       |       |     1 |       ||     1
Armor: Scale mail        |   127 |   161 |   304 ||   592
Dodge: Dodged            |    55 |    63 |   159 ||   277
Block: Shield            |   101 |   129 |   247 ||   477
